[Event "WSTCC-65 2024"]
[Site "Krakow"]
[Date "2024.07.03"]
[Round "2.1"]
[White "Vogt, Lothar"]
[Black "Nunn, John D M"]
[Result "1/2-1/2"]
[ECO "D79"]
[WhiteElo "2292"]
[BlackElo "2552"]
[Annotator "TA"]
[PlyCount "25"]
[EventDate "2024.07.01"]
[EventType "team-tourn"]
[EventCountry "POL"]
[SourceTitle "playchess.com"]
[Source "ChessBase"]
[SourceQuality "1"]
[TimeControl "40/5400+30:1800+30"]

1. d4 Nf6 2. c4 g6 3. Nf3 Bg7 4. g3 c6 5. Bg2 O-O 6. O-O d5 7. cxd5 cxd5 8. Nc3 Ne4 9. Nxe4 dxe4 10. Ne5 Qd5 11. b3 {[%emt 0:03:50] The position is equal.} f6 12. Nc4 Nc6 13. e3 {[%emt 0:06:38] A rather calm draw.   OK:         	White=1     	Black=1} 1/2-1/2

[Event "WSTCC-65 2024"]
[Site "Krakow"]
[Date "2024.07.03"]
[Round "2.1"]
[White "Shilov, Sergej"]
[Black "Garcia Palermo, Carlos Horacio"]
[Result "1/2-1/2"]
[ECO "B01"]
[WhiteElo "2143"]
[BlackElo "2419"]
[Annotator "TA"]
[PlyCount "75"]
[EventDate "2024.07.01"]
[EventType "team-tourn"]
[EventCountry "POL"]
[SourceTitle "playchess.com"]
[Source "ChessBase"]
[SourceQuality "1"]
[TimeControl "40/5400+30:1800+30"]

1. e4 d5 2. exd5 Qxd5 3. Nc3 Qd6 4. d4 Nf6 5. Nf3 Nc6 6. Nb5 Qd8 7. c4 e6 8. a3 {[%emt 0:03:15] White is slightly better.} a6 9. Nc3 Bd6 10. Bg5 h6 11. Bh4 (11. Bxf6 $14 Qxf6 12. Ne4) 11... g5 $11 12. Bg3 Bxg3 13. hxg3 g4 14. Ne5 Qxd4 15. Nxc6 Qxd1+ 16. Rxd1 {[%emt 0:00:28][%csl Gc6][%cal Rd1d8] [#]} bxc6 17. Bd3 a5 18. Ne4 Nxe4 19. Bxe4 Bd7 20. Kd2 f5 (20... Ke7 $15) 21. Bc2 a4 22. Kc3 Ke7 23. Rhe1 Ra5 24. Kb4 c5+ 25. Kc3 $1 Rf8 26. Rd5 f4 27. Rf5 (27. gxf4 $11 Rxf4 28. Rh5) 27... Rxf5 $15 28. Bxf5 fxg3 29. fxg3 {[%emt 0:00:17][%mdl 4096] Endgame. KRB-KRB} h5 (29... Ra8 $1 $15) 30. Bg6 $11 {[%emt 0:01:57] The position is equal.} Kf6 31. Bxh5 e5 {[%emt 0:00:29] [#] White must now prevent ...Ra8.} 32. Rd1 $1 ({Reject} 32. Rf1+ Kg5 33. Rd1 Bc6 $15) 32... Be6 (32... Bf5 $5 33. Be8 $8 Ra6 $11) 33. Rf1+ Kg5 34. Be8 Bf5 {[%emt 0:07:02] Hoping for ...Ra8.} 35. Re1 Kf6 36. Rf1 {[%emt 0:00:20] Threatens to win with Bd7.} Kg5 {[%emt 0:00:22] ...Ra8 would now be deadly.} 37. Re1 Kf6 38. Rf1 {[%emt 0:00:07] Weighted Error Value: White=0.11 (very precise) /Black=0.07 (flawless) .  Mistake:       	White=2     	Black=2      Inaccurate:     	White=1     	Black=1      OK:         	White=13    	Black=20     Best:        	---       	Black=6      Strong:       	White=2     	---} 1/2-1/2

[Event "WSTCC-65 2024"]
[Site "Krakow"]
[Date "2024.07.03"]
[Round "2.1"]
[White "Freeman, Richard C P"]
[Black "Rewitz, Jan"]
[Result "1/2-1/2"]
[ECO "B01"]
[WhiteElo "1951"]
[BlackElo "2089"]
[Annotator "NA RC"]
[PlyCount "73"]
[EventDate "2024.07.01"]
[EventType "team-tourn"]
[EventCountry "POL"]
[SourceTitle "playchess.com"]
[Source "ChessBase"]
[SourceQuality "1"]
[TimeControl "40/5400+30:1800+30"]

1. e4 d5 2. exd5 Nf6 3. d4 Nxd5 4. c4 Nb6 5. Nf3 g6 6. c5 Nd5 7. Bc4 c6 8. Nc3 Bg7 9. Qb3 O-O 10. O-O Nxc3 11. bxc3 b6 12. cxb6 axb6 13. Re1 Ba6 14. Bg5 Bxc4 15. Qxc4 Ra7 16. Re2 Re8 17. Rae1 Kf8 18. h3 Qd5 19. Qb4 f6 20. Qxb6 Qa5 21. Qxa5 Rxa5 22. Bf4 Ra7 23. Re6 Kf7 24. R1e2 Bf8 25. Bxb8 Rxb8 26. Rxc6 Rb1+ 27. Kh2 Ra1 28. d5 R1xa2 29. Rxa2 Rxa2 30. Kg1 Bh6 31. g3 Bc1 32. c4 Bb2 33. c5 Ra1+ 34. Kg2 Rd1 35. d6 exd6 36. Rxd6 Rxd6 37. cxd6 1/2-1/2

[Event "WSTCC-65 2024"]
[Site "Krakow"]
[Date "2024.07.03"]
[Round "2.2"]
[White "Kosten, Anthony C."]
[Black "Miltner, Arndt"]
[Result "1-0"]
[ECO "A04"]
[WhiteElo "2360"]
[BlackElo "2259"]
[Annotator "TA"]
[PlyCount "41"]
[EventDate "2024.07.01"]
[EventType "team-tourn"]
[EventCountry "POL"]
[SourceTitle "playchess.com"]
[Source "ChessBase"]
[SourceQuality "1"]
[TimeControl "40/5400+30:1800+30"]

1. Nf3 d6 2. d4 Nf6 3. Nc3 Nbd7 4. e4 e5 5. Bc4 Be7 6. O-O O-O 7. Re1 c6 8. a4 a5 9. h3 exd4 10. Nxd4 Nc5 11. Bf4 Ne8 (11... Be6 $1 $11 12. Nxe6 fxe6) 12. Qd2 Be6 13. Nxe6 ({White should play} 13. Be2 $16) 13... fxe6 $11 {[%emt 0:01:44] White has an edge.} 14. Rad1 d5 (14... Qb6 $11) 15. exd5 $16 exd5 {[%emt 0:00:18] [#]} (15... cxd5 $16 {was necessary.} 16. Be2 Kh8) 16. Qe3 $1 $18 {[%emt 0:05:04][%cal Rc3d5] And now Nxd5 would win.} Nd6 {[%emt 0:30:06] [#]} (16... Nf6 $16) 17. Bxd5+ $1 ({Not} 17. Qxe7 Qxe7 18. Bxd5+ (18. Rxe7 Rxf4 19. Bxd5+ cxd5 $11) 18... cxd5 $15) 17... cxd5 18. Qxc5 Nf5 19. Qxd5+ {[%emt 0:01:22] White has a decisive advantage.} Qxd5 20. Nxd5 Bc5 21. Nc7 {[%emt 0:00:46] Weighted Error Value: White=0.08 (flawless) /Black=0.52.  Mistake:       	White=1     	Black=3      Inaccurate:     	---       	Black=1      OK:         	White=5     	Black=1      Best:        	White=1     	---        Strong:       	White=1     	---} 1-0

[Event "WSTCC-65 2024"]
[Site "Krakow"]
[Date "2024.07.03"]
[Round "2.2"]
[White "Messa, Roberto"]
[Black "Gasik, Piotr"]
[Result "1-0"]
[ECO "A44"]
[WhiteElo "2262"]
[BlackElo "1954"]
[Annotator "RC"]
[PlyCount "69"]
[EventDate "2024.07.01"]
[EventType "team-tourn"]
[EventCountry "POL"]
[SourceTitle "playchess.com"]
[Source "ChessBase"]
[SourceQuality "1"]
[TimeControl "40/5400+30:1800+30"]

1. d4 c5 2. d5 e5 3. c4 d6 4. e4 Be7 5. Nf3 Bg4 6. Be2 Bxf3 7. Bxf3 Bg5 8. Bxg5 Qxg5 9. Nc3 Nh6 10. h4 Qe7 11. g4 f6 12. Qd2 Nf7 13. O-O-O h6 14. Kb1 a6 15. Be2 Nd7 16. Rc1 O-O-O 17. Rh3 Nb6 18. Nd1 Qc7 19. Ne3 Kb8 20. Nc2 Ka7 21. Ra3 Rhe8 22. Na1 Re7 23. Nb3 Rc8 24. Na5 Qd8 25. Rcc3 Qc7 26. Rcb3 Nd8 27. Rg3 Nf7 28. Qe3 Ree8 29. Qb3 Rf8 30. Qb5 Kb8 31. Qb3 Ka7 32. Qf3 Rb8 33. Qf5 Qe7 34. Rgb3 Qd7 35. Nc6+ 1-0

[Event "WSTCC-65 2024"]
[Site "Krakow"]
[Date "2024.07.03"]
[Round "2.2"]
[White "Mortensen, John"]
[Black "Wood, Peter R"]
[Result "0-1"]
[ECO "C03"]
[WhiteElo "2048"]
[BlackElo "1948"]
[Annotator "NA RC"]
[PlyCount "60"]
[EventDate "2024.07.01"]
[EventType "team-tourn"]
[EventCountry "POL"]
[SourceTitle "playchess.com"]
[Source "ChessBase"]
[SourceQuality "1"]
[TimeControl "40/5400+30:1800+30"]

1. e4 e6 2. d4 d5 3. Nd2 h6 4. c3 c5 5. exd5 Qxd5 6. Ngf3 Nc6 7. Bc4 Qh5 8. O-O Nf6 9. Qe2 cxd4 10. cxd4 Be7 11. Ne4 O-O 12. Ng3 Qa5 13. Bd2 Qd8 14. Rad1 a6 15. a4 Re8 16. Bc1 Nb4 17. Ne5 Nbd5 18. Nh5 Bf8 19. Rd3 Nxh5 20. Qxh5 Qe7 21. Rg3 g6 22. Bxh6 Bxh6 23. Qxh6 Qf8 24. Qg5 Qe7 25. Qg4 Nf6 26. Nxg6 Nxg4 27. Nxe7+ Rxe7 28. Rxg4+ Kf8 29. d5 exd5 30. Bxd5 Bxg4 0-1

[Event "WSTCC-65 2024"]
[Site "Krakow"]
[Date "2024.07.03"]
[Round "2.3"]
[White "Wenner, Tobias"]
[Black "Mestel, A Jonathan"]
[Result "0-1"]
[ECO "A37"]
[WhiteElo "2090"]
[BlackElo "2470"]
[Annotator "TA"]
[PlyCount "64"]
[EventDate "2024.07.01"]
[EventType "team-tourn"]
[EventCountry "POL"]
[SourceTitle "playchess.com"]
[Source "ChessBase"]
[SourceQuality "1"]
[TimeControl "40/5400+30:1800+30"]

1. Nf3 c5 2. c4 g6 3. Nc3 Bg7 4. g3 Nc6 5. Bg2 e6 6. d4 Nxd4 7. Nxd4 cxd4 8. Nb5 Qb6 9. a4 (9. Qa4 $11 a6 10. e3) 9... a6 $1 $15 10. a5 {[%emt 0:22:35] Black is better.} Qc5 11. b4 Qxb4+ $17 12. Bd2 Qc5 {[%emt 0:00:35] Prevents Nc7+.} (12... Qxc4 $2 13. Nd6+ Kd8 14. Nxc4 $18) 13. Na3 Ne7 14. Qa4 Nc6 {[%emt 0:05:32][%cal Od4d3] Against Bb4} 15. Rb1 O-O 16. Rb6 (16. O-O $17 {was necessary.}) 16... Qe5 $19 17. f4 Qf5 18. O-O d5 ({Black should try} 18... Rd8 $19 19. Rc1 d6 20. Bxc6 bxc6 21. Qxc6 Bd7) 19. cxd5 exd5 20. Bf3 h5 21. Kh1 (21. Nc2 {is a better defense.}) 21... Rd8 22. Qb3 Bf8 23. Rc1 Bd6 (23... d3 $142 24. e3 Be6 25. Rxb7 Rac8) 24. Qa4 (24. Nc2 $142) 24... Bc7 (24... d3 $19 {has better winning chances. Threatens to win with ...dxe2.} 25. Rb3 dxe2) 25. Rbxc6 $17 bxc6 26. Qxd4 Bb7 27. Bc3 f6 $1 28. e3 $2 {[%emt 0:05:20] [#] Loses the game.} (28. Nc2 $17) 28... Be5 (28... c5 $142 $1 29. Qd2 (29. Qa4 Rab8) 29... Rab8) 29. Qb4 (29. Qd1 {might work better.} Bxc3 30. Rxc3) 29... Rab8 $19 30. e4 $2 (30. Bd4) 30... Bxc3 31. Rxc3 dxe4 32. Bxe4 {[%emt 0:00:34] [#]} (32. Qxe4 $19 c5 (32... Qxa5 33. Qxg6+ Kf8 34. Qxf6+ Kg8 35. Re3 $16) 33. Qxf5 Bxf3+ (33... gxf5 $2 34. Bxb7 Rxb7 35. Nc4 $19) 34. Rxf3 gxf5 35. Rf2) 32... Qxe4+ {[%emt 0:00:27] Weighted Error Value: White=0.77/Black=0.33.  Loses game:     	White=1     	---        Missed win:     	---       	Black=1      Mistake:       	White=8     	Black=4      Inaccurate:     	White=1     	---        OK:         	White=6     	Black=10     Best:        	White=2     	Black=2      Strong:       	---       	Black=2} 0-1

[Event "WSTCC-65 2024"]
[Site "Krakow"]
[Date "2024.07.03"]
[Round "2.3"]
[White "Pietrzak, Janusz"]
[Black "Cocozza, Mario"]
[Result "0-1"]
[ECO "B10"]
[WhiteElo "1919"]
[BlackElo "2206"]
[Annotator "TA"]
[PlyCount "79"]
[EventDate "2024.07.01"]
[EventType "team-tourn"]
[EventCountry "POL"]
[SourceTitle "playchess.com"]
[Source "ChessBase"]
[SourceQuality "1"]
[TimeControl "40/5400+30:1800+30"]

1. e4 c6 2. c4 d5 3. exd5 cxd5 4. cxd5 Nf6 5. Qa4+ Nbd7 6. Nc3 g6 7. d4 Bg7 8. g3 O-O 9. Bg2 Nb6 10. Qb3 {[%emt 0:00:27] The position is equal.} a5 11. a4 e6 12. d6 Qxd6 13. Nge2 Qb4 14. Qc2 e5 15. Bd2 (15. b3 $1 $11 Bf5 (15... exd4 16. Ba3 $11) 16. Qd1 exd4 17. Ba3 Qxa3 (17... dxc3 18. Bxb4 axb4 19. O-O $17) 18. Rxa3 dxc3 19. Qd6 (19. Nxc3 $2 Rfe8+ 20. Kf1 Rad8 $19)) 15... Bf5 $36 {[%emt 0:03:55][%mdl 2048] White is under strong pressure.} 16. Ne4 Qe7 {[%emt 0:13:44] And now ...exd4 would win. Black is more active.} 17. Qc5 Nfd5 ({Black should play} 17... Rfe8 $1 $17 18. Qxe7 Rxe7) 18. Qxe7 $1 $11 Nxe7 19. Nd6 (19. dxe5 $11 Bxe5 20. Bc3) 19... exd4 $15 {[%emt 0:02:37] White must now prevent ...Bc2.} 20. Bxb7 (20. Bg5 $1 $15 Nc6 21. Nxf5 gxf5 22. O-O) 20... Ra7 $17 21. Bf3 Bd7 (21... Bc2 $17 {[%cal Od4d3] ...d3! is the strong threat.} 22. Nb5 Rd7) 22. O-O (22. Nb5 $15 Bxb5 23. axb5) 22... Nxa4 23. Rfc1 Rb8 24. Nc4 Rb3 ({Reject} 24... Nxb2 $6 25. Rab1 $11) 25. Nxd4 Bxd4 $19 26. Bd1 {[%emt 0:00:03] [#]} Rb4 27. Bxb4 $17 axb4 28. Ra2 (28. Rc2 $17 {was necessary.}) 28... Nc8 $19 29. Bxa4 Rxa4 ({Don't do} 29... Bxa4 30. Ne3 Bd7 31. Rxa7 Bxa7 (31... Nxa7 32. Rd1 $11) 32. Nd5 $17) 30. Rxa4 Bxa4 {[%emt 0:00:02] This pair of bishops is nice.} 31. Ra1 {[%emt 0:00:20] [#]} Bc6 32. Rd1 Bf6 33. Nd6 $2 (33. Na5 Bf3 34. Rd3) 33... Ne7 34. b3 Bc3 35. Nc4 (35. Rd3 $142) 35... Kg7 36. Rd6 Bd5 37. Na5 Be6 {[%emt 0:00:13] Strongly threatening ...Nf5.} 38. Kf1 (38. Rd8 {might work better.}) 38... Nf5 39. Ke2 Nxd6 40. Kf1 {Weighted Error Value: White=0.60/Black=0.33.  Loses game:     	White=1     	---        Missed win:     	---       	Black=1      Mistake:       	White=8     	Black=2      Inaccurate:     	White=3     	Black=3      OK:         	White=6     	Black=11     Best:        	White=1     	Black=4      Strong:       	White=1     	---} 0-1

[Event "WSTCC-65 2024"]
[Site "Krakow"]
[Date "2024.07.03"]
[Round "2.3"]
[White "Kane, Robert"]
[Black "Cordes, Steffen"]
[Result "0-1"]
[ECO "A48"]
[WhiteElo "1849"]
[BlackElo "1989"]
[Annotator "NA RC"]
[PlyCount "76"]
[EventDate "2024.07.01"]
[EventType "team-tourn"]
[EventCountry "POL"]
[SourceTitle "playchess.com"]
[Source "ChessBase"]
[SourceQuality "1"]
[TimeControl "40/5400+30:1800+30"]

1. d4 Nf6 2. Nf3 g6 3. Nc3 d5 4. Bf4 Bg7 5. e3 O-O 6. Be2 a6 7. Ne5 e6 8. h4 h6 9. h5 g5 10. Bg3 Nfd7 11. f4 Nxe5 12. fxe5 c5 13. Qd2 b5 14. a4 b4 15. Nd1 Nc6 16. Nf2 cxd4 17. exd4 f5 18. c3 Rb8 19. O-O Na5 20. Ra2 bxc3 21. bxc3 Qb6 22. Bd3 Qc6 23. Bc2 Nc4 24. Qc1 Bd7 25. Nd3 Rfc8 26. Be1 Be8 27. g4 fxg4 28. Nb4 Rxb4 29. cxb4 Bxh5 30. Bb1 Qb6 31. Qc2 Qxd4+ 32. Bf2 Qe4 33. Qd1 Qxe5 34. Re2 g3 35. Qc2 Qxe2 36. Qh7+ Kf8 37. Bc5+ Ke8 38. Qxg7 Qh2# 0-1

[Event "WSTCC-65 2024"]
[Site "Krakow"]
[Date "2024.07.03"]
[Round "2.4"]
[White "Littlewood, Paul E"]
[Black "Staub, Gerhard"]
[Result "1-0"]
[ECO "B30"]
[WhiteElo "2318"]
[BlackElo "2089"]
[Annotator "TA"]
[PlyCount "93"]
[EventDate "2024.07.01"]
[EventType "team-tourn"]
[EventCountry "POL"]
[SourceTitle "playchess.com"]
[Source "ChessBase"]
[SourceQuality "1"]
[TimeControl "40/5400+30:1800+30"]

1. e4 c5 2. Nf3 Nc6 3. Bb5 d6 4. O-O Bd7 5. Re1 Nf6 6. c3 a6 7. Bf1 Bg4 8. h3 Bxf3 9. Qxf3 g6 10. d3 Bg7 11. Be3 O-O 12. Nd2 Qc7 13. Qd1 Nd7 {[%emt 0:07:11] White is slightly better.} 14. f4 b5 15. a3 a5 16. Nf3 b4 17. d4 bxc3 18. bxc3 Rfb8 19. a4 (19. f5 $16) 19... cxd4 $11 20. cxd4 Nb4 21. Rc1 Qb7 22. Bb5 Rc8 23. Qb3 e6 24. Bd2 Nf6 25. e5 dxe5 26. fxe5 Nfd5 27. Kh1 Rxc1 28. Rxc1 Rc8 {[%emt 0:01:21] Inhibits Bc6.} 29. Rc4 h6 30. Ng1 Rxc4 31. Qxc4 Bf8 32. Ne2 Qc7 (32... h5 $11) 33. Nc1 ({Better is} 33. Qxc7 $14 Nxc7 34. Bd7) 33... Qxc4 ({Black should try} 33... Qd8 $11) 34. Bxc4 $14 Nc2 (34... Be7 $1 $14) 35. Bxd5 $18 ({And not} 35. Bxa5 Bb4 36. Bxb4 Ndxb4 $11) 35... exd5 36. Bxa5 Nxd4 {[%emt 0:00:14][%mdl 4096] Endgame. KBN-KBN} 37. Bb6 Nc6 {[%emt 0:00:19] [#]} 38. a5 $1 {[%emt 0:04:10] Black must now prevent a6.} Nb8 39. Nd3 Na6 (39... g5 {is a better defense.} 40. Kg1 Kg7) 40. Nf4 Bg7 41. Nd3 ({Resist} 41. Nxd5 $6 Bxe5 42. g4 f6 $16) 41... Bf8 $1 42. Kg1 f5 43. Kf2 {[%emt 0:00:00] Ke3 would now be deadly.} ({Weaker is} 43. exf6 Bd6 44. Kf2 Kf7 $18) 43... Kf7 $2 (43... d4 44. Bxd4 h5) 44. Ke3 {[%emt 0:00:00] White is clearly winning.} g5 45. Kd4 Ke6 {[%emt 0:00:00] [#]} 46. Bc5 $1 Bg7 47. Bd6 {[%emt 0:00:00] Weighted Error Value: White=0.15 (very precise) /Black=0.19 (very precise) .  Mistake:       	White=2     	Black=5      Inaccurate:     	---       	Black=2      OK:         	White=10    	Black=10     Best:        	White=2     	Black=1      Strong:       	---       	Black=1} 1-0

[Event "WSTCC-65 2024"]
[Site "Krakow"]
[Date "2024.07.03"]
[Round "2.4"]
[White "Ceschia, Ivano"]
[Black "Kot, Jerzy"]
[Result "1-0"]
[ECO "A04"]
[WhiteElo "2180"]
[BlackElo "2019"]
[Annotator "RC"]
[PlyCount "97"]
[EventDate "2024.07.01"]
[EventType "team-tourn"]
[EventCountry "POL"]
[SourceTitle "playchess.com"]
[Source "ChessBase"]
[SourceQuality "1"]
[TimeControl "40/5400+30:1800+30"]

1. Nf3 g6 2. e4 c5 3. d4 cxd4 4. Qxd4 Nf6 5. e5 Nc6 6. Qa4 Nd5 7. Qe4 e6 8. c4 f5 9. Qe2 Nde7 10. Nc3 a6 11. g3 Bg7 12. Bg2 O-O 13. Bf4 Rb8 14. a4 Qc7 15. O-O g5 16. Nxg5 Na5 17. Qh5 h6 18. Nf3 Kh7 19. Nd5 exd5 20. cxd5 Qd8 21. d6 Ng8 22. Ng5+ Kh8 23. Nf7+ Rxf7 24. Qxf7 Qf8 25. Qxf8 Bxf8 26. e6 Bg7 27. e7 Nf6 28. b4 Nb3 29. Rab1 Nd4 30. Rfe1 Ne8 31. Rbc1 Kh7 32. Bd5 Kg6 33. h4 Bf6 34. h5+ Kg7 35. Kg2 b5 36. a5 Nc6 37. Bxc6 dxc6 38. d7 Bxd7 39. Bxb8 Kf7 40. Bf4 Bxe7 41. Rxe7+ Kxe7 42. Bxh6 Be6 43. f3 Bd5 44. Be3 Kf7 45. h6 Kg6 46. Rh1 Nf6 47. Bf4 Bg8 48. Kf2 Bc4 49. h7 1-0

[Event "WSTCC-65 2024"]
[Site "Krakow"]
[Date "2024.07.03"]
[Round "2.4"]
[White "Andresen, Hans Jorn"]
[Black "Scowen, Roger S"]
[Result "1/2-1/2"]
[ECO "C01"]
[WhiteElo "1953"]
[BlackElo "1888"]
[Annotator "NA RC"]
[PlyCount "56"]
[EventDate "2024.07.01"]
[EventType "team-tourn"]
[EventCountry "POL"]
[SourceTitle "playchess.com"]
[Source "ChessBase"]
[SourceQuality "1"]
[TimeControl "40/5400+30:1800+30"]

1. e4 e6 2. d4 d5 3. exd5 exd5 4. Nf3 Nf6 5. h3 c6 6. Bd3 Bd6 7. O-O O-O 8. b3 Be6 9. Nbd2 Nbd7 10. Re1 Nh5 11. Nf1 Nf4 12. Ne5 Nxd3 13. Qxd3 Qf6 14. f4 Bb4 15. c3 Ba5 16. b4 Bb6 17. Ng3 Nxe5 18. fxe5 Qg6 19. Qxg6 hxg6 20. Bg5 a5 21. a3 Rae8 22. Ne2 f6 23. exf6 gxf6 24. Bh6 Rf7 25. Nf4 Kh7 26. Rxe6 Rxe6 27. Nxe6 Kxh6 28. Nc5 Re7 1/2-1/2

[Event "WSTCC-65 2024"]
[Site "Krakow"]
[Date "2024.07.03"]
[Round "2.5"]
[White "Mikhalevski, Alexander"]
[Black "Kyas, Juergen"]
[Result "1/2-1/2"]
[ECO "D82"]
[WhiteElo "2393"]
[BlackElo "2173"]
[Annotator "TA"]
[PlyCount "44"]
[EventDate "2024.07.01"]
[EventType "team-tourn"]
[EventCountry "POL"]
[SourceTitle "playchess.com"]
[Source "ChessBase"]
[SourceQuality "1"]
[TimeControl "40/5400+30:1800+30"]

1. d4 Nf6 2. c4 g6 3. Nc3 d5 4. Bf4 Bg7 5. e3 c5 6. Nf3 O-O 7. dxc5 Qa5 8. Rc1 dxc4 9. Bxc4 Qxc5 10. b3 Nc6 11. O-O Bg4 12. h3 {[%emt 0:01:38] The position is equal.} Rad8 13. Qe2 Bxf3 14. Qxf3 Qa5 15. Ne4 Nxe4 16. Qxe4 Qxa2 {[%emt 0:00:18] [#]} 17. b4 $1 Qa3 (17... Qb2 18. b5) 18. b5 Na5 19. Be2 {[%emt 0:00:11] A strong pair of Bishops.} Nb3 20. Rc7 Qb2 21. Rc2 {[%emt 0:06:02][%mdl 1024] White has compensation.} Qf6 (21... Nd2 22. Qa4 Qb3 23. Qxb3 Nxb3 24. Rc7 $11) 22. Qb4 {[%emt 0:05:40] [#] Prevents Nd2.} (22. Qxb7 $11 Nd4 23. exd4 Qxf4 24. Qxe7 (24. Qxa7 Qe4 $11)) 22... Nd4 $1 {[%emt 0:00:53] Weighted Error Value: White=0.07 (flawless) /Black=0.04 (flawless) .  Mistake:       	White=1     	---        OK:         	White=8     	Black=6      Brilliant:      	---       	Black=1} 1/2-1/2

[Event "WSTCC-65 2024"]
[Site "Krakow"]
[Date "2024.07.03"]
[Round "2.5"]
[White "Maier, Christian"]
[Black "Wallace, John Paul"]
[Result "1/2-1/2"]
[ECO "A25"]
[WhiteElo "2252"]
[BlackElo "2369"]
[Annotator "RC"]
[PlyCount "109"]
[EventDate "2024.07.01"]
[EventType "team-tourn"]
[EventCountry "POL"]
[SourceTitle "playchess.com"]
[Source "ChessBase"]
[SourceQuality "1"]
[TimeControl "40/5400+30:1800+30"]

1. c4 e5 2. Nc3 Nc6 3. g3 f5 4. Bg2 Nf6 5. e3 d5 6. cxd5 Nb4 7. d3 Nfxd5 8. Nxd5 Nxd5 9. a3 Be6 10. Nf3 Bd6 11. O-O O-O 12. Qc2 Qe7 13. Bd2 Kh8 14. e4 fxe4 15. dxe4 Nf6 16. Bc3 Nd7 17. Nd2 Bc5 18. b4 Bb6 19. Bb2 Rf7 20. Kh1 Bxf2 21. Qxc7 Qg5 22. Nf3 Qe3 23. Nxe5 Nxe5 24. Qxe5 Bc4 25. Rfc1 Be2 26. Rc7 Rxc7 27. Qxc7 Qg5 28. Qf4 Qxf4 29. gxf4 Rd8 30. f5 Kg8 31. Rc1 Rd2 32. Be5 h5 33. Bc3 Ra2 34. e5 Rxa3 35. Bxb7 Be3 36. Re1 Rxc3 37. Rxe2 Kf8 38. Kg2 h4 39. Kh3 Bc5+ 40. Kxh4 Bxb4 41. Kg5 Rc7 42. Bd5 Rc5 43. Ba2 Bc3 44. Kf4 Ra5 45. Bb3 Rb5 46. Ba2 Ra5 47. Be6 Ke7 48. h4 Ra4+ 49. Kg5 Ra5 50. Kf4 Ra4+ 51. Re4 Bd2+ 52. Kf3 Rxe4 53. Kxe4 Be1 54. h5 Bd2 55. Bc4 1/2-1/2

[Event "WSTCC-65 2024"]
[Site "Krakow"]
[Date "2024.07.03"]
[Round "2.5"]
[White "Varley, Peter"]
[Black "Hogan, Pat"]
[Result "1-0"]
[ECO "A52"]
[WhiteElo "2140"]
[BlackElo "1936"]
[Annotator "NA RC"]
[PlyCount "49"]
[EventDate "2024.07.01"]
[EventType "team-tourn"]
[EventCountry "POL"]
[SourceTitle "playchess.com"]
[Source "ChessBase"]
[SourceQuality "1"]
[TimeControl "40/5400+30:1800+30"]

1. d4 Nf6 2. c4 e5 3. dxe5 Ng4 4. e3 Nxe5 5. Nc3 Bb4 6. Bd2 O-O 7. a3 Bxc3 8. Bxc3 d6 9. Be2 a5 10. Nf3 Nbc6 11. b4 Re8 12. b5 Nxf3+ 13. gxf3 Ne5 14. f4 Nd7 15. Rg1 f6 16. Qd5+ Kh8 17. Bd3 Nc5 18. Bc2 Be6 19. Qh5 Bg8 20. O-O-O Ne4 21. Rxg7 Kxg7 22. Rg1+ Kf8 23. Qh6+ Kf7 24. Rg7+ Ke6 25. f5+ 1-0